 Dungeon Crawl Stone Soup version 0.27.1-3-gb3d3a73c9e (webtiles) character file.

Game seed: 16944778145249552654

444 Urokeeper the Sneak (level 7, 0/52 HPs)
             Began as a Human Brigand on Oct 5, 2021.
             Slain by a bullfrog zombie (2 damage)
             ... on level 4 of the Dungeon.
             The game lasted 00:13:43 (4208 turns).

Urokeeper the Sneak (Human Brigand)                 Turns: 4208, Time: 00:13:44

Health: 0/52       AC:  6    Str: 12    XL:     7   Next: 23%
Magic:  7/7        EV: 11    Int: 11    God:
Gold:   169        SH:  5    Dex: 16    Spells: 6/6 levels left

rFire    . . .     SeeInvis .   a - +2 dagger
rCold    . . .     Faith    .   (no shield)
rNeg     . . .     Spirit   .   q - +0 ring mail
rPois    .         Reflect  +   (no helmet)
rElec    .         Harm     .   c - +0 cloak
rCorr    .         Rampage  .   (no gloves)
Will     .....                  (no boots)
Stlth    ++........             l - amulet of reflection
HPRegen  0.17/turn              (no ring)
MPRegen  0.10/turn              (no ring)

@: no status effects
A: no striking features
a: no special abilities


You were on level 4 of the Dungeon.
You visited 1 branch of the dungeon, and saw 4 of its levels.

You collected 169 gold pieces.

Inventory:

Hand Weapons
 a - a +2 dagger (weapon)
 t - a +0 rapier of venom
Missiles
 d - 43 poisoned darts
 e - 3 curare-tipped darts (quivered)
 o - 2 boomerangs
Armour
 b - a +0 robe
 c - a +0 cloak (worn)
 h - a +0 chain mail
 k - a +0 barding
 m - a +0 leather armour
 q - a +0 ring mail (worn)
Jewellery
 l - an amulet of reflection (around neck)
Scrolls
 f - 2 scrolls of vulnerability
 g - 3 scrolls of amnesia
 p - 4 scrolls of identify
Potions
 i - 2 potions of degeneration
 j - a potion of mutation


   Skills:
 + Level 3.6 Fighting
 + Level 3.7 Short Blades
 - Level 2.0 Throwing
 + Level 2.9 Armour
 + Level 3.0 Dodging
 + Level 5.2 Stealth


You had 6 spell levels left.
You didn't know any spells.
Your spell library contained the following spells:

 Spells                   Type           Power      Damage    Failure   Level
 Summon Small Mammal      Summ           0%         N/A       61%         1
 Call Canine Familiar     Summ           0%         N/A       93%         3
 Gell's Gravitas          Tloc           0%         N/A       93%         3
 Summon Guardian Golem    Hex/Summ       0%         N/A       93%         3
 Teleport Other           Tloc           0%         N/A       93%         3
 Dispersal                Tloc           0%         N/A       100%        6


Dungeon Overview and Level Annotations

Branches:
Dungeon (4/15)
 Temple: D:4-7

Altars:

Shops:
D:4 (


Message History

You throw a curare-tipped dart.
The curare-tipped dart hits the bullfrog zombie.
Throw: 6 darts (curare)
Press: ? - help, Q - select action, (/) - cycle Shift-Dir - straight line, f/p - bullfrog zombie
Aim: a bullfrog zombie (72% to hit)
You throw a curare-tipped dart.
The curare-tipped dart hits the bullfrog zombie.
Throw: 5 darts (curare)
Press: ? - help, Q - select action, (/) - cycle Shift-Dir - straight line, f/p - bullfrog zombie
Aim: a bullfrog zombie (72% to hit)
You throw a curare-tipped dart.
The curare-tipped dart hits the bullfrog zombie.
Throw: 4 darts (curare)
Press: ? - help, Q - select action, (/) - cycle Shift-Dir - straight line, f/p - bullfrog zombie
Aim: a bullfrog zombie (72% to hit)
You throw a curare-tipped dart.
The curare-tipped dart hits the bullfrog zombie.
The bullfrog zombie hits you but does no damage.
Your ring mail prevents you from hitting the bullfrog zombie.
The bullfrog zombie hits you but does no damage.
You hit the bullfrog zombie but do no damage.
The bullfrog zombie hits you but does no damage.
You hit the bullfrog zombie.
The bullfrog zombie is lightly damaged.
The bullfrog zombie hits you.
* * * LOW HITPOINT WARNING * * *
You hit the bullfrog zombie.
The bullfrog zombie is moderately damaged.
The bullfrog zombie barely misses you.
You hit the bullfrog zombie.
The bullfrog zombie is heavily damaged.
The bullfrog zombie hits you.
* * * LOW HITPOINT WARNING * * *
You barely miss the bullfrog zombie.
The bullfrog zombie is heavily damaged.
The bullfrog zombie closely misses you.
You hit the bullfrog zombie.
The bullfrog zombie is heavily damaged.
The bullfrog zombie hits you.
You die...

##.............####
#.....(..(....#
#.............#
#...(.........#
#...(.........#
#...(.........#
#.............#
#)Z(..........#
#@............#
###############


You could see a bullfrog zombie.

Vanquished Creatures
  2 kobold brigands (D:3)
  A scorpion (D:2)
  An orc priest (D:3)
  A bullfrog skeleton (D:4)
  Terence (D:2)
  6 adders
  An adder skeleton (D:4)
  6 orcs (D:3)
  14 endoplasms
  A giant cockroach (D:1)
  11 goblins
  9 hobgoblins
  9 jackals
  3 quokkas
  11 ball pythons
  6 bats
  5 frilled lizards
  14 kobolds
  4 rats
106 creatures vanquished.

Notes
Turn   | Place    | Note
-------+----------+-------------------------------------------
     0 | D:1      | Urokeeper the Human Brigand began the quest for the Orb.
     0 | D:1      | Reached XP level 1. HP: 16/16 MP: 1/1
    51 | D:1      | Reached XP level 2. HP: 11/22 MP: 2/2
   716 | D:1      | Reached XP level 3. HP: 26/27 MP: 3/3
   725 | D:1      | Found a faded altar of an unknown god.
   994 | D:1      | Reached skill level 1 in Armour
  1145 | D:2      | Noticed a scorpion
  1153 | D:2      | Killed a scorpion
  1154 | D:2      | Reached XP level 4. HP: 31/34 MP: 4/4
  1297 | D:2      | Noticed Terence
  1312 | D:2      | Killed Terence
  1313 | D:2      | Reached XP level 5. HP: 33/40 MP: 5/5
  2536 | D:3      | Reached XP level 6. HP: 19/47 MP: 6/6
  3254 | D:4      | Identified the +3 hand axe of the Sea {spect, Will+}
  3278 | D:3      | Reached skill level 5 in Stealth
  3280 | D:3      | Reached XP level 7. HP: 30/52 MP: 7/7
  4072 | D:4      | Found Lilea's Weapon Emporium.
  4206 | D:4      | HP: 2/52 [bullfrog zombie (4)]
  4208 | D:4      | Slain by a bullfrog zombie

Illustrated notes

Levels and vault maps discovered:
D:1:      eino_arrival_druids_welcome, layout_basic,
          shapermc_ecumenical_altar_mp_highgroup, solitary_fountain,
          minmay_misc_feat_ornament
D:2:      layout_loops_ring, minmay_shallow_snake_nest, uniq_terence
D:3:      cheibrodos_thug_alley, layout_loops_ring,
          minmay_randomly_rotated_circles
D:4:      layout_basic, serial_shops, nicolae_shop_waterfront, minmay_checkerbox

Skill      XL: |  1  2  3  4  5  6  7 |
---------------+----------------------+-----
Armour         | 1 2 |  2.9
Dodging        | 2 3 |  3.0
Short Blades   | 3 |  3.7
Fighting       | 3 |  3.6
Stealth        | 5 |  5.2
Throwing       | |  2.0

Action                   |  1- 3 |  4- 6 |  7- 9 || total
-------------------------+-------+-------+-------++-------
Melee: Dagger            |    89 |   211 |   145 ||   445
Throw: Dart              |     2 |     6 |    10 ||    18
       Boomerang         |       |       |     3 ||     3
  Use: Scroll            |     4 |     3 |     2 ||     9
       Potion            |       |     2 |     2 ||     4
 Stab: Sleeping          |     3 |       |       ||     3
       Distracted        |       |       |     1 ||     1
Armor: Robe              |    18 |     1 |       ||    19
       Chain mail        |       |   114 |    14 ||   128
       Ring mail         |       |       |    33 ||    33
Dodge: Dodged            |    42 |    38 |    54 ||   134
Block: Other             |       |    36 |    26 ||    62
       Reflection        |       |     1 |       ||     1
